 Dungeon Crawl Stone Soup version 0.17.1-2-g5865329 (webtiles) character file.

40894 Jerry the Nimble (level 14, -6/99 HPs)
             Began as an Octopode Warper on Jan 25, 2016.
             Was the Champion of Cheibriados.
             Mangled by a harpy (12 damage)
             ... summoned by Kirke
             ... while paralysed by a sphinx
             ... on level 6 of the Lair of Beasts on Jan 27, 2016.
             The game lasted 04:19:24 (23539 turns).

Jerry the Nimble (Octopode Warper)                 Turns: 23539, Time: 04:19:49

Health: -6/99      AC:  0    Str: 27    XL:     14   Next: 13%
Magic:  19/21      EV:  3    Int: 30    God:    Cheibriados [******]
Gold:   1201       SH:  0    Dex: 30    Spells: 6 memorised, 6 levels left

rFire  . . .     SeeInvis .     (weapon currently unavailable)
rCold  . . .     Clarity  .     (shield currently unavailable)
rNeg   . . .     SustAt   .     (helmet currently unavailable)
rPois  .         Gourm    +     L - amulet of the gourmand
rElec  .         Spirit   .     (ring currently unavailable)
rCorr  .         Warding  .     (ring currently unavailable)
rMut   .         Stasis   .     (ring currently unavailable)
MR     +....                    (ring currently unavailable)
Stlth  ++........               (ring currently unavailable)
                                (ring currently unavailable)
                                (ring currently unavailable)
                                (ring currently unavailable)

@: paralysed, pig-form, glowing, repel missiles, very slow, somewhat resistant
to hostile enchantments, unstealthy
A: almost no armour, amphibious, (8 rings), (constrict 8), (camouflage 0),
(gelatinous body 0)
a: Bend Time, Temporal Distortion, Slouch, Step From Time, Renounce Religion


You were on level 6 of the Lair of Beasts.
You worshipped Cheibriados.
Cheibriados was exalted by your worship.
You were completely stuffed.
You were a filthy swine.
You visited 3 branches of the dungeon, and saw 18 of its levels.
You also visited: Labyrinth and Volcano.

You collected 1201 gold pieces.

Inventory:

Hand Weapons
 q - a +0 dire flail of flaming
 B - a +0 mace of holy wrath
 J - a +2 flail of protection
 K - a +1 vampiric demon whip (melded)
Missiles
 d - 3 tomahawks of dispersal
 y - 3 tomahawks (quivered)
Armour
 l - a +3 buckler (melded)
Jewellery
 n - the amulet "Yqeocegh" {rMut Int+2}
   (You took it off a minotaur in a labyrinth)

   [amulet of resist mutation]

   It protects you from mutation.
   It affects your intelligence (+2).
 t - a +2 ring of strength (melded)
 H - a ring of flight (melded)
 L - an amulet of the gourmand (around neck)
 N - a +3 ring of intelligence (melded)
Wands
 j - a wand of slowing (46)
 E - a wand of frost (21)
 P - a wand of disintegration (16)
 R - a wand of fireball (9)
Scrolls
 a - 8 scrolls of teleportation
 c - 3 scrolls of blinking
 w - 4 scrolls of magic mapping
 C - 3 scrolls of amnesia
 F - a scroll of enchant armour
 G - 3 scrolls of immolation
 O - a scroll of fog
 Q - a scroll of identify
 S - 4 scrolls of remove curse
 V - a scroll of recharging
Potions
 i - 2 potions of resistance
 k - 6 potions of curing
 m - a potion of might
 p - 4 potions of brilliance
 r - 3 potions of ambrosia
 s - a potion of berserk rage {unknown}
 u - a potion of mutation {unknown}
 v - 2 potions of flight
 z - 6 potions of cancellation
 D - a potion of magic {unknown}
 I - 3 potions of lignification
Books
 b - a book of Spatial Translocations

   Spells                             Type                      Level
   a - Apportation                    Translocation                1
   b - Blink                          Translocation                2
   c - Shroud of Golubria             Charms/Translocation         2
   d - Portal Projectile              Translocation                3
   e - Teleport Other                 Translocation                3
   f - Passage of Golubria            Translocation                4
 o - a book of Air

   Spells                             Type                      Level
   a - Shock                          Conjuration/Air              1
   b - Swiftness                      Charms/Air                   2
   c - Repel Missiles                 Charms/Air                   2
   d - Static Discharge               Conjuration/Air              3
   e - Lightning Bolt                 Conjuration/Air              5
 T - a book of Geomancy

   Spells                             Type                      Level
   a - Sandblast                      Earth                        1
   b - Stoneskin                      Transmutation/Earth          2
   c - Passwall                       Transmutation/Earth          3
   d - Stone Arrow                    Conjuration/Earth            3
   e - Petrify                        Transmutation/Earth          4
   f - Lee's Rapid Deconstruction     Earth                        5
Miscellaneous
 M - a phial of floods (inert)
 U - a fan of gales
Comestibles
 e - 11 bread rations
 f - 2 slices of pizza
 g - 12 meat rations
 h - 9 fruits
 x - 4 beef jerkies
 A - 2 royal jellies


   Skills:
 + Level 10.1 Fighting
 + Level 11.0 Maces & Flails
 - Level 1.0 Throwing
 + Level 11.2 Dodging
 - Level 6.3 Stealth
 - Level 4.5 Shields
 - Level 5.0 Spellcasting
 - Level 4.2 Charms
 - Level 4.0 Translocations
 - Level 4.1 Transmutations
 + Level 6.5 Earth Magic
 - Level 10.0 Invocations
 + Level 4.3 Evocations


You had 6 spell levels left.
You knew the following spells:

 Your Spells              Type           Power        Failure   Level  Hunger
a - Stoneskin             Trmt/Erth      #####...     1%          2    None
b - Blink                 Tloc           N/A          1%          2    None
c - Shroud of Golubria    Chrm/Tloc      ####......   1%          2    None
d - Petrify               Trmt/Erth      #####...     8%          4    ###....
e - Lee's Rapid Deconstr  Erth           #####.....   14%         5    #####..
f - Repel Missiles        Chrm/Air       ###...       4%          2    None


Dungeon Overview and Level Annotations

Branches:
Dungeon (10/15)            Temple (1/1) D:7            Lair (7/8) D:10
  Swamp (0/4) Lair:5       Spider (0/4) Lair:4        Slime (0/6) Lair:6
    Orc (0/4) D:10

Altars:
Ashenzari
Cheibriados
Dithmenos
Elyvilon
Fedhas
Gozag
Kikubaaqudgha
Makhleb
Nemelex Xobeh
Okawaru
Qazlal
Ru
Sif Muna
Trog
Vehumet
Xom
Yredelemnul
Zin
The Shining One

Shops:
D:5 (   D:8 :   D:10 :

Annotations:
Lair:6 Kirke


Innate Abilities, Weirdness & Mutations

You cannot wear most types of armour.
You are amphibious.
((You can wear up to eight rings at the same time.))
((You can use your tentacles to constrict eight enemies at once.))
((Your skin changes colour to match your surroundings (Stealth).))
((Your rubbery body absorbs attacks (AC +1).))


Message History

You lose your grip on Kirke.
Kirke gestures wildly while chanting.
Kirke summons some harpies!
Your shroud bends the harpy's attack away.
The harpy claws you!
Your shroud falls apart!
The harpy claws you! x2
The sphinx casts a spell.
Something smites you! The harpy claws you. The harpy completely misses you.
The sphinx mumbles some strange words.
You suddenly lose the ability to move!
The harpy claws you! The harpy claws you. The harpy claws you.
The harpy claws you!
* * * LOW HITPOINT WARNING * * *
The harpy claws you!
* * * LOW HITPOINT WARNING * * *
The harpy claws you!
* * * LOW HITPOINT WARNING * * *
The harpy claws you!
You die...

#####.# ####..#.#P.P.# P## ###
##.##.......# .P###########
##.###...#...#####
......##.P..####.........###....#
..........<..#.....[...P###P.....
.###P##................###.P.....
## ###..P.#..........#.....#.. #
##..####.............###.. #
#.#.# #.hH....#....## #.. #
###.####H..h......### ##. #
##..##..@.Hh.#..## ##. #
#.........#..#..P# #.. ####
#.......##h......### ##. ..P#
###.....###.P#..#..## ##. ...#
##...###..###.....# #.# ..##
#...# ##h.#.....## ##. ...# #..##
#..P####..## #.#


You could see Kirke, a sphinx, 2 harpies and 3 hogs.

Vanquished Creatures
  Nessos (Lair:6)
  A minotaur (Lab)
  5 hydras
  5 death yaks (Lair:6)
  Urug (D:10)
  A hill giant (D:10)
  2 lindwurms
  An oklob plant (Lair:6)
  A centaur zombie (D:10)
  4 black mambas
  2 molten gargoyles (Volcano)
  Joseph (D:10)
  Psyche (D:10)
  12 elephants
  3 gargoyles
  8 spiny frogs
  5 komodo dragons
  2 fire drakes (Lair:6)
  A merfolk (D:9)
  A blink frog (Lair:5)
  A two-headed ogre (D:9)
  Sigmund (D:4)
  24 yaks
  3 trapdoor spiders (Lair:4)
  A steam dragon (D:8)
  2 deep elf magi (D:10)
  5 hippogriffs
  A deep elf fighter (D:10)
  A fire elemental (Volcano)
  2 wyverns
  7 wolves
  3 hungry ghosts
  2 hogs (Lair:6)
  4 insubstantial wisps (Lair:5)
  9 water moccasins
  13 porcupines
  3 black bears
  9 orc warriors
  3 ice beasts
  A phantom (D:6)
  A sky beast (D:5)
  3 ogres
  2 necrophages
  7 centaurs
  10 crocodiles
  16 giant frogs
  2 big kobolds
  A gnoll sergeant (D:8)
  An earth elemental (Lab)
  6 scorpions
  2 wyvern skeletons
  3 electric eels
  8 crimson imps
  A gnoll shaman (D:8)
  A giant frog zombie (D:10)
  3 jellies
  7 orc priests
  Ijyb (D:3)
  8 orc wizards
  2 centaur skeletons
  2 giant frog skeletons
  5 iguanas
  6 hounds
  8 worker ants
  13 sheep
  2 hound skeletons
  A hound zombie (D:6)
  13 gnolls
  3 worker ant zombies
  12 adders
  38 river rats
  4 shadow imps
  An ooze (D:4)
  2 adder zombies
  3 worms
  9 giant geckos
  39 orcs
  3 ball pythons
  13 bats
  11 hobgoblins
  9 jackals
  15 kobolds
  4 giant cockroaches
  9 giant newts
  8 goblins
  5 quokkas
  2 quokka skeletons (D:6)
  A quokka zombie (D:5)
  12 rats
  3 fungi
  29 plants
523 creatures vanquished.

Vanquished Creatures (collateral kills)
  A hydra (Lair:4)
1 creature vanquished.

Vanquished Creatures (others)
  A giant frog (Lair:5)
  An orc wizard (D:10)
  A bush (Lair:6)
  A fire vortex (Volcano)
  46 fungi
  25 plants
75 creatures vanquished.

Grand Total: 599 creatures vanquished

Notes
Turn   | Place    | Note
--------------------------------------------------------------
     0 | D:1      | Jerry the Octopode Warper began the quest for the Orb.
     0 | D:1      | Reached XP level 1. HP: 14/14 MP: 3/3
   494 | D:1      | Reached XP level 2. HP: 14/19 MP: 5/5
   565 | D:1      | Learned a level 2 spell: Blink
  1629 | D:2      | Reached XP level 3. HP: 16/24 MP: 6/6
  1789 | D:2      | Found a snail-covered altar of Cheibriados.
  1817 | D:2      | Learned a level 2 spell: Shroud of Golubria
  1817 | D:2      | Became a worshipper of Cheibriados the Contemplative
  2077 | D:2      | Reached XP level 4. HP: 20/29 MP: 8/8
  2592 | D:3      | Noticed Ijyb
  2598 | D:3      | Killed Ijyb
  2598 | D:3      | Reached skill level 1 in Charms
  2660 | D:3      | Found a bloodstained altar of Trog.
  3012 | D:3      | Reached XP level 5. HP: 25/34 MP: 9/9
  3114 | D:3      | Reached * piety under Cheibriados
  4101 | D:4      | Noticed a black bear
  4106 | D:4      | Noticed Sigmund
  4120 | D:4      | Killed Sigmund
  4120 | D:4      | Reached ** piety under Cheibriados
  4120 | D:4      | Reached skill level 1 in Invocations
  4120 | D:4      | Reached XP level 6. HP: 39/39 MP: 7/10
  4127 | D:4      | Killed a black bear
  4127 | D:4      | Reached skill level 4 in Maces & Flails
  4127 | D:4      | Reached XP level 7. HP: 40/45 MP: 8/11
  4681 | D:5      | Entered Level 5 of the Dungeon
  5318 | D:5      | Found a burning altar of Makhleb.
  5398 | D:5      | Found Eric's Antique Weapon Boutique.
  5581 | D:5      | Reached skill level 1 in Shields
  5601 | D:5      | Reached XP level 8. HP: 38/50 MP: 10/12
  5677 | D:5      | Reached *** piety under Cheibriados
  5830 | D:5      | Reached skill level 5 in Dodging
  6478 | D:5      | Reached skill level 5 in Maces & Flails
  6709 | D:6      | Found a deep blue altar of Sif Muna.
  7187 | D:6      | Reached XP level 9. HP: 55/55 MP: 11/13
  7342 | D:6      | Found an iron altar of Okawaru.
  7628 | D:6      | Reached **** piety under Cheibriados
  7743 | D:7      | Reached skill level 1 in Stealth
  7847 | D:7      | Found a glowing golden altar of the Shining One.
  7867 | D:7      | Reached skill level 6 in Dodging
  8146 | D:7      | Found a staircase to the Ecumenical Temple.
  8155 | Temple   | Entered the Ecumenical Temple
  8487 | D:7      | Reached skill level 5 in Invocations
  8782 | D:8      | Reached ***** piety under Cheibriados
  9364 | D:8      | Found an ancient bone altar of Kikubaaqudgha.
  9365 | D:8      | Found a blossoming altar of Fedhas.
  9391 | D:8      | Reached XP level 10. HP: 65/65 MP: 11/14
  9447 | D:8      | Found Oklucroi's Book Emporium.
  9820 | D:9      | Found a glowing silver altar of Zin.
  9891 | D:9      | Reached skill level 5 in Fighting
  9891 | D:9      | Reached skill level 7 in Maces & Flails
 10484 | D:9      | Found a shattered altar of Ashenzari.
 11381 | D:9      | Reached ****** piety under Cheibriados
 11845 | D:10     | Entered Level 10 of the Dungeon
 11845 | D:10     | Found Atwy's Book Emporium.
 11845 | D:10     | Noticed Urug
 11851 | D:10     | Killed Urug
 11851 | D:10     | Reached skill level 8 in Maces & Flails
 11869 | D:10     | Noticed a hill giant
 11881 | D:10     | Killed a hill giant
 11881 | D:10     | Reached XP level 11. HP: 66/74 MP: 16/16
 12485 | D:10     | Found a staircase to the Orcish Mines.
 12888 | D:10     | Found a staircase to the Lair.
 12967 | D:10     | Noticed Psyche
 13170 | D:10     | Noticed Joseph
 13178 | D:10     | Killed Joseph
 13300 | D:10     | Killed Psyche
 13567 | Lair:1   | Entered Level 1 of the Lair of Beasts
 13607 | Lair:1   | Reached skill level 9 in Maces & Flails
 14124 | Lair:1   | Noticed a five-headed hydra
 14134 | Lair:1   | Killed a five-headed hydra
 14145 | Lair:1   | Learned a level 2 spell: Stoneskin
 14668 | Lair:2   | Found a labyrinth entrance.
 14706 | Lab      | Entered a labyrinth
 14899 | Lab      | Noticed a minotaur
 14909 | Lab      | Killed a minotaur
 14909 | Lab      | Reached skill level 1 in Transmutations
 14909 | Lab      | Reached skill level 1 in Earth Magic
 14909 | Lab      | Reached XP level 12. HP: 33/81 MP: 11/19
 15117 | Lab      | Got a flickering ivory amulet
 16075 | Lair:2   | Reached skill level 5 in Spellcasting
 16703 | Lair:2   | Noticed an eight-headed hydra
 16718 | Lair:2   | Killed an eight-headed hydra
 17417 | Lair:3   | Found a dark tunnel.
 17732 | Volcano  | Entered a volcano
 17758 | Volcano  | Reached skill level 10 in Dodging
 18210 | Volcano  | Reached skill level 10 in Maces & Flails
 18584 | Lair:3   | Reached XP level 13. HP: 89/89 MP: 18/20
 18954 | Lair:3   | Reached skill level 5 in Stealth
 19077 | Lair:3   | Learned a level 4 spell: Petrify
 19083 | Lair:3   | Learned a level 5 spell: Lee's Rapid Deconstruction
 19086 | Lair:3   | Identified the amulet "Yqeocegh" {rMut Int+2} (You took it off a minotaur in a labyrinth)
 19306 | Lair:4   | Reached skill level 10 in Invocations
 19633 | Lair:4   | Found a hole to the Spider Nest.
 20224 | Lair:5   | Learned a level 2 spell: Repel Missiles
 20371 | Lair:5   | Found a staircase to the Swamp.
 20615 | Lair:5   | Reached skill level 5 in Earth Magic
 20782 | Lair:5   | Reached skill level 1 in Evocations
 22277 | Lair:6   | Reached skill level 11 in Dodging
 22595 | Lair:6   | Noticed Nessos
 22624 | Lair:6   | Killed Nessos
 22949 | Lair:6   | Reached skill level 10 in Fighting
 22949 | Lair:6   | Reached XP level 14. HP: 99/99 MP: 8/21
 23077 | Lair:6   | Found a staircase to the Slime Pits.
 23521 | Lair:6   | Noticed Kirke
 23531 | Lair:6   | Noticed a sphinx
 23538 | Lair:6   | Paralysed by a sphinx for 4 turns
 23539 | Lair:6   | Mangled by a harpy

Action                   |  1- 3 |  4- 6 |  7- 9 | 10-12 | 13-15 || total
-------------------------+-------+-------+-------+-------+-------++-------
Melee: Mace              |    63 |    69 |       |       |       ||   132
       Whip              |       |    16 |   199 |    43 |       ||   258
       Flail             |       |       |    87 |   309 |       ||   396
       Demon whip        |       |       |       |   238 |   502 ||   740
Throw: Tomahawk          |       |       |     2 |    19 |    15 ||    36
 Cast: Shroud of Golubri |       |     1 |    50 |   101 |    55 ||   207
       Stoneskin         |       |       |       |    25 |    42 ||    67
       Repel Missiles    |       |       |       |       |     3 ||     3
       Blink             |       |       |       |       |     1 ||     1
       Petrify           |       |       |       |       |     3 ||     3
Invok: Bend Time         |       |       |       |    25 |    17 ||    42
Evoke: Wand              |       |       |     1 |       |     5 ||     6
       Phial of floods   |       |       |       |       |     1 ||     1
  Use: Scroll            |     1 |     8 |     9 |    15 |     5 ||    38
       Potion            |       |       |     2 |     6 |     3 ||    11
 Stab: Sleeping          |     3 |     7 |    14 |    20 |     8 ||    52
       Distracted        |       |       |     1 |       |     2 ||     3
  Eat: Chunk             |     3 |     6 |     9 |    44 |    13 ||    75
